 Dungeon Crawl Stone Soup version 0.13-a0-2505-g5f0fbe2 (webtiles) character file.

849 4tharraofdagon the Covered (level 7, -5/56 HPs)
             Began as a Djinni Berserker on July 23, 2013.
             Was a Follower of Trog.
             Slain by a yak (11 damage)
             ... on Level 1 of the Lair of Beasts.
             The game lasted 00:05:50 (1095 turns).

4tharraofdagon the Covered (Djinni Berserker)       Turns: 1095, Time: 00:05:51

HP  -5/56        AC  8     Str 18      XL: 7   Next: 59%
MP   0/0         EV 10     Int  7      God: Trog [*.....]
Gold 48          SH  0     Dex 14      Spells:  0 memorised,  6 levels left

Res.Fire  : + + +   See Invis. : .   a - +1,+0 short sword
Res.Cold  : x . .   Warding    : .   k - +2 orc ring mail
Life Prot.: + + +   Conserve   : .   (no shield)
Res.Poison: .       Res.Corr.  : .   (no helmet)
Res.Elec. : .       Clarity    : .   (no cloak)
Sust.Abil.: . .     Spirit.Shd : .   (no gloves)
Res.Mut.  : .       Stasis     : .   (boots unavailable)
Res.Rott. : .       Flight     : .   (no amulet)
Saprovore : . . .                    (no ring)
                                     (no ring)

@: exhausted, slowed, very slow, slightly resistant to hostile enchantments,
very unstealthy
A: no striking features
a: Burn Spellbooks, Berserk, Renounce Religion


You were on level 1 of the Lair of Beasts.
You worshipped Trog.
Trog was most pleased with you.
You were not hungry.

You visited 2 branches of the dungeon, and saw 10 of its levels.

You collected 28 gold pieces.

Inventory:

Hand weapons
 a - a +1,+0 short sword (weapon)
Armour
 b - a +0 animal skin
 k - a +2 orcish ring mail (worn)
Scrolls
 j - a scroll of remove curse
Books
 c - a book of the Sky

   Spells                             Type                      Level
   Flight                             Charms/Air                   3
   Airstrike                          Air                          4
   Silence                            Hexes/Air                    5
   Deflect Missiles                   Charms/Air                   6
   Conjure Ball Lightning             Conjuration/Air              7
   Tornado                            Air                          9
   Trog disapproves of the use of such an item.


   Skills:
 + Level 6.1 Fighting
 - Level 2.4 Short Blades
 + Level 7.0 Armour
 - Level 1.7 Dodging


You had 6 spell levels left.
You didn't know any spells.

Dungeon Overview and Level Annotations

Branches:
Dungeon (9/27)               Lair (1/8) D:8
 Temple: D:4-7          Orc: D:6-11

Altars:


Message History

* * * LOW HITPOINT WARNING * * *
You are too injured to fight recklessly!
You are too injured to fight recklessly!
You are too injured to fight recklessly!
You are too injured to fight recklessly!
You hit the yak but do no damage.
The yak is lightly wounded.
Your skin stops crawling.
You feel less resistant to hostile enchantments.
The yak gores you!
* * * LOW HITPOINT WARNING * * *
The yak gores you but does no damage.
You aren't carrying any potions.
Read which item? (? for menu, Esc to quit)
Okay, then.
Read which item? (? for menu, Esc to quit)
As you read the scroll labeled SHROCZO STROIGI {tried}, it crumbles to dust.
You feel as if something is helping you.
It was a scroll of remove curse.
The yak gores you!
You die...

... ........
........ .........
......... .........
#........ #..
#.........
...#####@#
##....##Y##
#........##
...........#
............###....
#................#
................##
................#
............$....P#


You could see a yak.

Vanquished Creatures
  2 yaks (Lair:1)
  An ice beast (D:8)
  3 centaurs
  3 killer bees
  A hound (D:6)
  An adder (Lair:1)
  An orc (D:6)
  A ball python (D:4)
  A goblin (D:1)
  2 jackals (D:2)
  A quokka (Lair:1)
  3 bats
  2 giant newts (D:1)
  A kobold (D:8)
  A kobold skeleton (D:3)
  6 rats (D:8)
30 creatures vanquished.

Vanquished Creatures (others)
  A rat (D:8)
  A fungus (D:8)
  A plant (D:8)
3 creatures vanquished.

Grand Total: 33 creatures vanquished

Notes
Turn   | Place    | Note
--------------------------------------------------------------
     0 | D:1      | 4tharraofdagon, the Djinni Berserker, began the quest for the Orb.
     0 | D:1      | Reached XP level 1. HP: 16/16 MP: 0/0
   176 | D:4      | Reached XP level 2. EP: 22/22
   184 | D:5      | Entered Level 5 of the Dungeon
   235 | D:6      | Reached skill level 3 in Fighting
   235 | D:6      | Reached XP level 3. EP: 26/29
   311 | D:7      | Noticed a centaur
   312 | D:7      | Noticed a centaur
   326 | D:7      | Killed a centaur
   326 | D:7      | Reached skill level 4 in Fighting
   326 | D:7      | Reached XP level 4. EP: 23/36
   446 | D:9      | Noticed a centaur
   453 | D:9      | Noticed a centaur
   462 | D:9      | Killed a centaur
   462 | D:9      | Reached XP level 5. EP: 27/41
   467 | D:9      | Killed a centaur
   467 | D:9      | Reached skill level 5 in Armour
   467 | D:9      | Reached XP level 6. EP: 24/49
   551 | D:9      | Noticed a phantom
   566 | D:9      | Reached skill level 5 in Fighting
   584 | D:9      | Noticed a yak
   585 | D:9      | Noticed a yak
   876 | D:8      | Found a staircase to the Lair.
   885 | D:8      | Noticed a yak
   888 | D:8      | Noticed an ice beast
   905 | D:8      | Killed an ice beast
   905 | D:8      | Reached skill level 6 in Armour
   999 | D:8      | Acquired Trog's second power
  1038 | Lair:1   | Entered Level 1 of the Lair of Beasts
  1038 | Lair:1   | Noticed a yak
  1038 | Lair:1   | Noticed a yak
  1038 | Lair:1   | Noticed a yak
  1063 | Lair:1   | Reached XP level 7. EP: 55/55
  1074 | Lair:1   | Killed a yak
  1082 | Lair:1   | Killed a yak
  1082 | Lair:1   | Reached skill level 7 in Armour
  1095 | Lair:1   | Slain by a yak

Action                   |  1- 3 |  4- 6 |  7- 9 || total
-------------------------+-------+-------+-------++-------
Melee: Short sword       |    50 |    75 |    29 ||   154
Invok: Berserk           |     3 |     4 |       ||     7
       Trog's Hand       |       |     1 |     1 ||     2
  Use: Potion            |     1 |     5 |       ||     6
       Scroll            |       |     6 |     1 ||     7
